 Dungeon Crawl Stone Soup version 0.23-a0-767-gdc19b93d68 (webtiles) character file.

280 Hercules1031 the Skirmisher (level 6, 0/57 HPs)
             Began as a Draconian Berserker on Jan 28, 2019.
             Was a Priest of Trog.
             Killed from afar by an orc wizard (7 damage)
             ... with a puff of flame
             ... on level 4 of the Dungeon.
             The game lasted 00:05:53 (3721 turns).

Hercules1031 the Skirmisher (Draconian Berserker)   Turns: 3721, Time: 00:05:54

Health: 0/57       AC:  7    Str: 21    XL:     6   Next: 5%
Magic:  6/6        EV: 13    Int:  7    God:    Trog [***...]
Gold:   235        SH:  0    Dex: 11    Spells: 5/5 levels left

rFire    . . .     SeeInvis .   u - +0 quarterstaff
rCold    . . .     Gourm    .   (shield currently unavailable)
rNeg     . . .     Faith    .   (armour unavailable)
rPois    .         Spirit   .   s - +0 hat
rElec    .         Reflect  .   (no cloak)
rCorr    .         Harm     .   (no gloves)
MR       .....                  e - +0 pair of boots
Stlth    +.........             (no amulet)
HPRegen  0.19/turn              (no ring)
MPRegen  0.10/turn              (no ring)

@: lethally poisoned (0 -> -6), slowed, very slow
A: unfitting armour, cold-blooded, AC +6
a: Berserk, Trog's Hand, Renounce Religion


You were on level 4 of the Dungeon.
You worshipped Trog.
Trog was most pleased with you.
You were not hungry.

You visited 1 branch of the dungeon, and saw 4 of its levels.

You collected 235 gold pieces.

Inventory:

Hand Weapons
 a - a +0 spear
 m - a +1 antimagic spear
 u - a +0 quarterstaff (weapon)
Armour
 e - a +0 pair of boots (worn)
 s - a +0 hat (worn)
 t - a +0 buckler
Wands
 w - a wand of enslavement (10)
Scrolls
 c - a scroll of noise {unknown}
 g - 3 scrolls of blinking {unknown}
 h - 2 scrolls of random uselessness {unknown}
 i - 4 scrolls of teleportation {unknown}
 j - 2 scrolls of magic mapping {unknown}
 k - a scroll of enchant weapon {unknown}
 l - 4 scrolls of identify {unknown}
 n - a scroll of remove curse {unknown}
 p - a scroll of enchant armour {unknown}
 r - a scroll of amnesia {unknown}
Potions
 d - a potion of cancellation {unknown}
 f - 2 potions of curing
 o - a potion of berserk rage {unknown}
 q - a potion of might {unknown}
 v - a potion of heal wounds {unknown}
 x - a potion of lignification {unknown}
 z - a potion of resistance {unknown}
Comestibles
 b - 2 rations


   Skills:
 + Level 5.9 Fighting
 - Level 3.0(3.3) Polearms
 * Level 2.0(2.8) Staves
 + Level 4.0 Dodging


You had 5 spell levels left.
You didn't know any spells.
Your spell library was empty.

Dungeon Overview and Level Annotations

Branches:
Dungeon (4/15)
 Temple: D:4-7

Altars:
The Shining One


Innate Abilities, Weirdness & Mutations

Your plain brown scales are hard. (AC +6)
You cannot fit into any form of body armour.
You are cold-blooded and may be slowed by cold attacks.


Message History

The orc wizard points at you and mumbles some strange words.
You feel yourself slow down.
You closely miss the orc wizard.
You feel sick. The orc wizard casts a spell at you. The puff of flame hits you!
A goblin comes into view.
The orc wizard hits you but does no damage. x2
The orc wizard gestures wildly while chanting.
The orc wizard blinks!
You barely miss the orc wizard.
You feel sick. The orc wizard casts a spell at you. The puff of flame hits you!
* * * LOW HITPOINT WARNING * * *
The orc wizard misses you.
The orc wizard hits you with a +0 dagger.
* * * LOW HITPOINT WARNING * * *
The orc wizard barely misses you.
The orc wizard gestures at you while chanting.
The puff of flame hits you!
You die...

#.#... ##.#..## ......
#.#..# #...g#####.#.#
##.##..........#.#
.......gg$.....#.#
##.####o########.# #@#
#.# #o# #.# ##'## #.#
##...## #.#######
##.....## #.......#
##....[..## #..####.#
#.........####<..###.#
+.........'.......##.#
#.........####....##.#


You could see 2 orc wizards and 3 goblins.

Vanquished Creatures
  A bullfrog (D:3)
  An orc wizard (D:4)
  A centaur skeleton (D:4)
  A worker ant (D:4)
  4 adders
  A howler monkey skeleton (D:4)
  An adder skeleton (D:4)
  A worm (D:2)
  2 dart slugs
  2 leopard geckos
  8 orcs
  A ball python (D:2)
  4 bats
  5 giant cockroaches
  6 goblins
  7 hobgoblins
  9 jackals
  2 frilled lizards
  A jackal zombie (D:4)
  9 kobolds
  6 rats
73 creatures vanquished.

Notes
Turn   | Place    | Note
-------+----------+-------------------------------------------
     0 | D:1      | Hercules1031 the Draconian Berserker began the quest for
                  | the Orb.
     0 | D:1      | Reached XP level 1. HP: 19/19 MP: 1/1
   379 | D:1      | Reached XP level 2. HP: 23/27 MP: 2/2
   523 | D:1      | Reached skill level 4 in Fighting
   723 | D:1      | Reached XP level 3. HP: 32/33 MP: 3/3
  1019 | D:2      | Reached ** piety under Trog
  1961 | D:3      | Reached XP level 4. HP: 32/41 MP: 1/4
  1996 | D:3      | Noticed a bullfrog
  2005 | D:3      | Killed a bullfrog
  2005 | D:3      | Reached skill level 5 in Fighting
  2043 | D:3      | Reached XP level 5. HP: 22/48 MP: 1/5
  2637 | D:3      | Found a glowing golden altar of the Shining One.
  3060 | D:4      | Reached *** piety under Trog
  3070 | D:4      | Reached skill level 1 in Staves
  3561 | D:4      | Reached XP level 6. HP: 56/57 MP: 6/6
  3721 | D:4      | Killed from afar by an orc wizard

Vault maps used:
D:1:      nicolae_arrival_memento_mori, minmay_tetromino_i4
D:2:      kennysheep_generic_room_4
D:3:      tso_oasis_becter
D:4:      nicolae_qazlal_style_of_elements, first_ration, uniq_menkaure,
          uniq_robin

Skill      XL: |  1  2  3  4  5 |
---------------+----------------+-----
Fighting       | 4 5 |  5.9
Dodging        | 3 4 |  4.0
Staves         | 2 |  2.0
Polearms       | |  3.0

Action                   |  1- 3 |  4- 6 || total
-------------------------+-------+-------++-------
Melee: Spear             |   158 |    57 ||   215
       Tailslap          |    20 |    17 ||    37
       Quarterstaff      |       |    50 ||    50
  Use: Potion            |       |     1 ||     1
 Stab: Sleeping          |     1 |       ||     1
  Eat: Ration            |     1 |     2 ||     3
Armor: Skin              |    66 |    27 ||    93
Dodge: Dodged            |   103 |    79 ||   182

Table legend:
 A = Non-vault XP
 B = Vault XP
 C = Vault XP percentage of total XP
 D = Non-vault monster count
 E = Vault monster count
 F = Vault count percentage of total count
                 A         B        C        D         E       F
            +---------+---------+-------+---------+---------+-------
      Total |     381 |      19 |   4.8 |      68 |       5 |   6.8
            +---------+---------+-------+---------+---------+-------
        D:1 |      40 |       4 |   9.1 |      20 |       3 |  13.0
        D:2 |      30 |      15 |  33.3 |      15 |       2 |  11.8
        D:3 |     150 |       0 |   0.0 |      22 |       0 |   0.0
        D:4 |     161 |       0 |   0.0 |      11 |       0 |   0.0
            +---------+---------+-------+---------+---------+-------
